 Dungeon Crawl Stone Soup version 0.23-a0-143-g1adec7b (webtiles) character file.

177 corax the Sneak (level 5, -7/36 HPs)
             Began as an Octopode Assassin on Sept 1, 2018.
             Hit by a tomahawk thrown by an orc warrior (16 damage)
             ... on level 4 of the Dungeon.
             The game lasted 00:04:49 (2330 turns).

corax the Sneak (Octopode Assassin)                 Turns: 2330, Time: 00:04:50

Health: -7/36      AC:  1    Str: 10    XL:     5   Next: 57%
Magic:  5/5        EV: 14    Int: 13    God:
Gold:   141        SH:  0    Dex: 15    Spells: 4/4 levels left

rFire    . . .     SeeInvis .   b - +0 blowgun
rCold    . . .     Gourm    .   (no shield)
rNeg     . . .     Faith    .   (helmet restricted)
rPois    .         Spirit   .   y - amulet of rage
rElec    .         Reflect  .   (no ring)
rCorr    .         Harm     .   (no ring)
MR       .....                  (no ring)
Stlth    ++++......             (no ring)
HPRegen  0.12/turn              (no ring)
MPRegen  0.09/turn              (no ring)
                                (no ring)
                                (no ring)

@: slowed, very slow
A: almost no armour, stealthy swim, amphibious, 8 rings, constrict 8, camouflage
1, gelatinous body 1
a: Evoke Berserk Rage


You were on level 4 of the Dungeon.
You were not hungry.

You visited 1 branch of the dungeon, and saw 4 of its levels.

You collected 141 gold pieces.

Inventory:

Hand Weapons
 a - a +2 dagger
 b - a +0 blowgun (weapon)
Missiles
 c - 19 poisoned needles (quivered)
 d - 2 curare-tipped needles
 r - 90 stones
 t - 35 bolts
 u - 57 arrows
Jewellery
 y - an amulet of rage (around mantle)
Wands
 s - a wand of flame (27)
 w - a wand of paralysis (8)
Scrolls
 e - 7 scrolls of remove curse {unknown}
 j - 6 scrolls of identify {unknown}
 k - 2 scrolls of blinking {unknown}
 l - a scroll of enchant weapon {unknown}
 q - 3 scrolls of teleportation {unknown}
 x - a scroll of enchant armour {unknown}
 z - a scroll of random uselessness {unknown}
Potions
 g - a potion of haste {unknown}
 h - 4 potions of curing
 i - a potion of magic {unknown}
 m - a potion of berserk rage {unknown}
 n - a potion of resistance {unknown}
 o - a potion of cancellation {unknown}
 p - a potion of might {unknown}
 v - a potion of heal wounds {unknown}
 A - a potion of ambrosia {unknown}
Comestibles
 f - 7 rations


   Skills:
 + Level 3.0 Fighting
 + Level 3.0 Short Blades
 + Level 3.0 Throwing
 + Level 2.4 Dodging
 + Level 6.3 Stealth


You had 4 spell levels left.
You didn't know any spells.
Your spell library was empty.

Dungeon Overview and Level Annotations

Branches:
Dungeon (4/15)
 Temple: D:4-7

Altars:
Wu Jian


Innate Abilities, Weirdness & Mutations

You cannot wear most types of armour.
You are very stealthy in the water. (Stealth+)
You are amphibious.
You can wear up to eight rings at the same time.
You can use your tentacles to constrict eight enemies at once.
Your skin changes colour to match your surroundings (Stealth+).
Your rubbery body absorbs attacks. (AC +1, EV +1)


Message History

You shoot a poisoned needle.
The poisoned needle hits the orc wizard!
The orc wizard looks as sick as possible!
The orc wizard is moderately wounded.
The orc warrior throws a tomahawk.
The tomahawk misses you.
The orc wizard gestures wildly while chanting.
The orc wizard blinks!
Firing (i - inventory. (/) - cycle)
c - 20 poisoned needles (quivered)
Press: ? - help, Shift-Dir - straight line, f/p - orc wizard
Aim: an orc wizard, wielding a dagger and wearing a robe (heavily wounded, You shoot a poisoned needle.
The poisoned needle closely misses the orc wizard.
The orc wizard casts a spell at you.
You feel yourself slow down.
You kill the orc wizard!
Your Fighting skill increases to level 3!
Your Short Blades skill increases to level 3!
Your Throwing skill increases to level 3!
The orc warrior throws a tomahawk.
The tomahawk hits you!
You die...

...........###.#.######.#
.......†...# #.#.#
#######..#.###.#.#
#..#.....#.# #[.#.#####.#
#..........###.
+..............
#.........####
###.@.....# #.......#
+#####.......#
.......(.....#
.......(.....#
....)...###### ........#
.......o# ..(...S.#


You could see an orc warrior.

Vanquished Creatures
  An orc priest (D:4)
  An orc wizard (D:4)
  A worker ant (D:4)
  5 adders
  2 worms (D:3)
  2 dart slugs
  A leopard gecko (D:1)
  6 bats
  2 giant cockroaches
  4 hobgoblins
  2 ball pythons
  7 frilled lizards
  6 goblins
  4 kobolds
  A leopard gecko skeleton (D:4)
  3 rats
48 creatures vanquished.

Notes
Turn   | Place    | Note
-------+----------+-------------------------------------------
     0 | D:1      | corax the Octopode Assassin began the quest for the Orb.
     0 | D:1      | Reached XP level 1. HP: 14/14 MP: 1/1
   154 | D:1      | Reached XP level 2. HP: 15/19 MP: 2/2
   502 | D:1      | Reached XP level 3. HP: 7/25 MP: 3/3
   980 | D:2      | Found an ornate altar of the Wu Jian Council.
  1175 | D:2      | Reached XP level 4. HP: 30/30 MP: 4/4
  1833 | D:3      | Reached skill level 6 in Stealth
  2300 | D:4      | Reached XP level 5. HP: 29/36 MP: 5/5
  2316 | D:4      | Noticed an orc warrior
  2330 | D:4      | Hit by a tomahawk thrown by an orc warrior

Vault maps used:
D:1:      ebering_hopf_link, minmay_misc_feat_tiny
D:2:      lemuel_crystal_altar, hex_tiny, minmay_pentomino_q4
D:4:      temple_green, trog_hazing_becter

Skill      XL: |  1  2  3  4  5 |
---------------+----------------+-----
Dodging        | 2 |  2.4
Stealth        | 6 |  6.3
Fighting       | 3 |  3.0
Short Blades   | 3 |  3.0
Throwing       | 3 |  3.0

Action                   |  1- 3 |  4- 6 || total
-------------------------+-------+-------++-------
Melee: Dagger            |    50 |    32 ||    82
       Constrict         |    11 |     8 ||    19
       Tentacles         |     3 |     2 ||     5
 Fire: Blowgun           |    17 |    12 ||    29
  Use: Potion            |     1 |       ||     1
 Stab: Sleeping          |    13 |     6 ||    19
  Eat: Ration            |     1 |     1 ||     2
Armor: Skin              |     6 |     1 ||     7
Dodge: Dodged            |    34 |    17 ||    51

Table legend:
 A = Non-vault XP
 B = Vault XP
 C = Vault XP percentage of total XP
 D = Non-vault monster count
 E = Vault monster count
 F = Vault count percentage of total count
                 A         B        C        D         E       F
            +---------+---------+-------+---------+---------+-------
      Total |     212 |      42 |  16.5 |      45 |       3 |   6.2
            +---------+---------+-------+---------+---------+-------
        D:1 |      26 |      14 |  35.0 |      17 |       1 |   5.6
        D:2 |      30 |      28 |  48.3 |      11 |       2 |  15.4
        D:3 |      38 |       0 |   0.0 |      12 |       0 |   0.0
        D:4 |     118 |       0 |   0.0 |       5 |       0 |   0.0
            +---------+---------+-------+---------+---------+-------
